 Dungeon Crawl Stone Soup version 0.30-a0-760-g5a9884bb7c (webtiles) character file.

Game seed: 17769738743774360079

28382 browni3141 the Thaumaturge (level 13, -1/103 HPs)
             Began as a Mummy Cinder Acolyte on Feb 10, 2023.
             Was a Priest of Ignis.
             Slain by a fire bat (7 damage)
             ... in a Gauntlet.
             The game lasted 00:54:23 (18971 turns).

browni3141 the Thaumaturge (Mummy Cinder Acolyte)  Turns: 18971, Time: 00:54:23

Health: -1/103     AC: 15    Str: 18    XL:     13   Next: 9%
Magic:  29/29      EV: 15    Int: 17    God:    Ignis [***...]
Gold:   1578       SH:  9    Dex:  8    Spells: 24/36 levels left

rFire   . . .      SeeInvis .    G - +10 spear of Nifaff {freeze, rPois}
rCold   + . .      Faith    +    u - +0 buckler
rNeg    + + +      Spirit   .    o - +2 leather armour {Will+}
rPois   ∞          Reflect  +    e - +2 hat
rElec   .          Harm     .    z - +1 cloak {Stlth+}
rCorr   .          Rampage  .    h - +0 pair of gloves
Will    ++...      NoTele   +    y - +0 pair of boots
Stlth   ++                       A - amulet of reflection
HPRegen 0.37/turn                n - +5 ring of evasion
MPRegen 0.21/turn                x - +4 ring of protection

@: no status effects
A: cold resistance 1, negative energy resistance 3, torment resistance 2, heat
vulnerability 1, in touch with death 2, no potions, faith
a: Renounce Religion, Fiery Armour, Foxfire Swarm, Rising Flame


You were in a Gauntlet.
You worshipped Ignis.
Ignis was most pleased with you.
You visited 2 branches of the dungeon, and saw 15 of its levels.
You also visited: Ossuary, Bailey and Gauntlet.

You collected 1578 gold pieces.

Inventory:

Hand Weapons
 a - a -1 mace of flaming
 r - a +3 mace
 G - the +10 spear of Nifaff (weapon) {freeze, rPois}
   (You found it on level 1 of the Lair of Beasts)

   rPois:     It protects you from poison.
Missiles
 f - 39 poisoned darts (quivered)
 i - 2 throwing nets
Armour
 b - a +0 robe
 e - a +2 hat (worn)
 h - a +0 pair of gloves (worn)
 o - a +2 leather armour of willpower (worn)
 u - a +0 buckler (worn)
 y - a +0 pair of boots (worn)
 z - a +1 cloak of stealth (worn)
Jewellery
 c - a ring of resist corrosion
 k - a +5 ring of evasion
 n - a +5 ring of evasion (left hand)
 t - a ring of see invisible
 x - a +4 ring of protection (right hand)
 A - an amulet of reflection (around neck)
Wands
 q - a wand of polymorph (4)
 H - a wand of light (1)
Scrolls
 d - 4 scrolls of fear
 g - 3 scrolls of fog
 j - 2 scrolls of amnesia
 l - 5 scrolls of teleportation
 m - 3 scrolls of enchant armour
 s - 2 scrolls of noise
 v - 3 scrolls of immolation
 w - 3 scrolls of enchant weapon
 B - a scroll of butterflies
 C - a scroll of acquirement
 D - a scroll of torment {unknown}
 F - a scroll of identify
Miscellaneous
 E - a tin of tremorstones (inert)


   Skills:
 - Level 10.0 Fighting
 + Level 8.9 Maces & Flails
 - Level 4.0 Shields
 - Level 12.0 Spellcasting
 - Level 2.0 Conjurations
 - Level 3.0 Hexes
 - Level 2.4 Fire Magic
 - Level 10.0 Earth Magic
 - Level 5.0 Evocations


You had 24 spell levels left.
You knew the following spells:

 Your Spells              Type           Power      Damage    Failure   Level
a - Sandblast             Erth           88%        2d18      1%          1
b - Scorch                Fire           36%        2d6       6%          2
c - Stone Arrow           Conj/Erth      60%        3d10      2%          3
d - Passwall              Tmut/Erth      22%        N/A       1%          2
e - Leda's Liquefaction   Hex/Erth       16%        N/A       8%          4

Your spell library contained the following spells:

 Spells                   Type           Power      Damage    Failure   Level
 Slow                     Hex            80%        N/A       3%          1
 Confusing Touch          Hex            20%        N/A       10%         3
 Static Discharge         Conj/Air       26%        2-4/arc   11%         2
 Dazzling Flash           Conj/Hex       36%        N/A       12%         3
 Lesser Beckoning         Tloc           20%        N/A       16%         2
 Portal Projectile        Hex/Tloc       30%        N/A       17%         3
 Call Canine Familiar     Summ           10%        N/A       32%         3
 Gell's Gravitas          Tloc           10%        N/A       32%         3
 Teleport Other           Tloc           10%        N/A       32%         3
 Vampiric Draining        Necr           22%        2d7       32%         3
 Vhi's Electric Charge    Tloc/Air       20%        N/A       32%         3
 Iskenderun's Mystic Bla  Conj/Tloc      13%        2d5       56%         4
 Manifold Assault         Tloc           10%        N/A       71%         4
 Arcjolt                  Conj/Air       6%         1d16      89%         5
 Lightning Bolt           Conj/Air       6%         1d18      89%         5
 Dispersal                Tloc           5%         N/A       100%        6
 Starburst                Conj/Fire      8%         6d4       100%        6
 Malign Gateway           Summ/Tloc      5%         N/A       100%        7
 Disjunction              Tloc           5%         N/A       100%        8
 Summon Horrible Things   Summ           5%         N/A       100%        8


Dungeon Overview and Level Annotations

Branches:
Dungeon (11/15)            Temple (0/1) D:7            Lair (4/5) D:10
 Shoals (0/4) Lair:2        Slime (0/5) Lair:4          Orc (0/2) D:11
Ossuary (visited)          Bailey (visited)         Gauntlet (1/1)
  Snake: Lair:2-3    Spider: Lair:2-3

Altars:
Ashenzari
Kikubaaqudgha
Nemelex Xobeh
Okawaru
Qazlal
Ru
Uskayaw
Vehumet
Wu Jian
Xom

Shops:
D:1 ?   D:4 :   D:6 =   D:7 *   D:10 [

Annotations:
Gauntlet 9 transporters, exclusion: obsidian statue


Innate Abilities, Weirdness & Mutations

You are immune to poison.
Your flesh is cold resistant. (rC+)
You are immune to negative energy. (rN+++)
You are immune to unholy pain and torment.
You are vulnerable to heat. (rF-)
You are strongly in touch with the powers of death.
You do not drink.
You have a special connection with the divine. (Faith)


Message History

The fire bat bites you but does no damage.
The fire crab breathes flames at you. The blast of flame engulfs you!
The hell hound barely misses you.
The fire crab bites you but does no damage.
The fire crab misses you.
You hit the fire crab. You freeze the fire crab.
The fire crab is almost dead.
You block the fire bat's attack. x3; The hell hound misses you.
The hell hound barely misses you. The fire crab breathes flames at you.
The blast of flame engulfs you but does no damage.
You hit the fire crab but do no damage.
The fire crab is almost dead.
The fire bat barely misses you.
The hell hound bites you but does no damage.
The fire bat bites you.
You are engulfed in flames.
You block the fire crab's attack. The fire crab closely misses you.
The hell hound stops to sniff the ground.
The hell hound breathes flames at you. The blast of flame hits you!!
* * * LOW HITPOINT WARNING * * *
The fire bat bites you but does no damage.
You puncture the fire crab! You freeze the fire crab.
You kill the fire crab!
The fire bat bites you.
* * * LOW HITPOINT WARNING * * *
You are engulfed in flames!
* * * LOW HITPOINT WARNING * * *
The fire bat barely misses you. You block the hell hound's attack. x2
Blink to where?
Press: ? - help, Dir - move target
As you read the scroll of blinking, it crumbles to dust.
The flying skull gives a hideous shriek!
You hear a hideous shriek!
The flying skull gives a hideous shriek!
You hear a hideous shriek!
The fire bat closely misses you. The fire bat bites you.
* * * LOW HITPOINT WARNING * * *
You are engulfed in flames!
You die...

###..5#...#..##.##zz#...#...#....
.....p#...#.z..z....#...#..#.....
#######...###########...#########
.......§≈.............≈..........
.......≈8≈...........§8≈.........
........≈.............≈..........
#######...###########...#########
......#...#..b......#...#...#...s
##.##.#...#.#...@.#.#...#..#..##.
....#.#####..##b##./#####..##..#.
.##.#.#...#..##§##..#...#..#..##.
.©#..©#©.©#..#§©(#.©#©.©#..##©.#.
#.##..#...#..##§##.=#...#..#..##.
#..#..#####h.##h##.!#####..##..#.
##.##.#...#b#..hb.#.#...#s.#..##.
......#.8.#.........#.8.#B..#....
#######...###########...#########


You could see 2 fire bats and 2 flying skulls.

Vanquished Creatures
  Gastronok (D:8)
  An orc warlord (Bailey)
  A catoblepas (Lair:2)
  2 boulder beetles
  Nergalle (D:10)
  A fire crab (Gauntlet)
  A skyshark (Lair:2)
  An ugly thing (D:11)
  A cyclops (D:11)
  2 manticores
  A guardian serpent (D:10)
  4 black mambas
  A merfolk siren (Lair:2)
  4 cane toads
  An unseen horror (D:8)
  3 kobold demonologists (D:11)
  Psyche (D:8)
  An efreet (D:11)
  2 rime drakes
  2 komodo dragons (Lair:1)
  2 polar bears
  3 trolls
  10 blink frogs (Lair:1)
  A hornet (D:8)
  Prince Ribbit (D:8)
  6 slime creatures
  5 flying skulls (Gauntlet)
  Sigmund (D:4)
  2 wyverns
  12 yaks
  Eustachio (D:6)
  An unseen horror simulacrum (D:9)
  3 fire bats (Gauntlet)
  A steam dragon (D:9)
  A death yak simulacrum (Lair:4)
  4 vampire mosquitoes (D:11)
  5 water moccasins
  21 orc warriors
  An ice beast (D:7)
  2 sky beasts
  5 black bears
  3 ogres
  5 wolves
  5 centaurs
  2 kobold brigands
  2 phantoms
  Blork the orc (D:4)
  An elf zombie (Ossuary)
  2 necrophages
  3 bullfrogs
  2 scorpions (D:4)
  4 wights (D:8)
  9 howler monkeys
  3 electric eels (D:10)
  A jelly (D:4)
  2 centaur zombies (Ossuary)
  5 hounds
  A human zombie (Ossuary)
  10 orc priests
  A gnoll bouda (D:7)
  Jessica (D:3)
  4 iguanas
  17 orc wizards
  7 hell rats (Lair:1)
  2 mummies (Ossuary)
  11 gnolls
  6 adders
  2 white imps
  An ufetubus (D:7)
  2 adder zombies (Ossuary)
  2 worms
  61 orcs
  2 ball pythons
  5 bats
  13 endoplasms
  5 giant cockroaches
  22 goblins
  12 hobgoblins
  3 jackals (D:3)
  A quokka (D:3)
  3 frilled lizards
  11 hobgoblin zombies (Ossuary)
  4 jackal zombies (Ossuary)
  14 kobolds
  9 kobold zombies (Ossuary)
  7 orc zombies (Ossuary)
  2 rats
411 creatures vanquished.

Vanquished Creatures (others)
  A human (D:5)
  9 fungi
  8 plants
18 creatures vanquished.

Grand Total: 429 creatures vanquished

Notes
Turn   | Place    | Note
-------+----------+-------------------------------------------
     0 | D:1      | browni3141 the Mummy Cinder Acolyte began the quest for the
                  | Orb.
     0 | D:1      | Reached XP level 1. HP: 18/18 MP: 2/2
    91 | D:1      | Found The Oracle's Delphic Readings.
   106 | D:1      | Learned a level 1 spell: Sandblast
   161 | D:1      | Reached skill level 2 in Spellcasting
   217 | D:1      | Reached XP level 2. HP: 24/24 MP: 0/5
   220 | D:1      | Learned a level 2 spell: Scorch
  1506 | D:2      | Reached skill level 3 in Spellcasting
  2112 | D:3      | Gained mutation: You are in touch with the powers of death.
                  | [Mummy growth]
  2112 | D:3      | Reached XP level 3. HP: 29/29 MP: 5/7
  2193 | D:3      | Reached skill level 1 in Earth Magic
  2419 | D:3      | Noticed Jessica
  2427 | D:3      | Killed Jessica
  2428 | D:3      | Reached XP level 4. HP: 35/35 MP: 2/8
  2571 | D:3      | Found an ornate altar of the Wu Jian Council.
  3055 | D:4      | Found a broken altar of Ashenzari.
  3081 | D:4      | Reached XP level 5. HP: 41/41 MP: 5/9
  3345 | D:4      | Noticed Blork the orc
  3354 | D:4      | Killed Blork the orc
  3355 | D:4      | Reached skill level 4 in Spellcasting
  3355 | D:4      | Reached XP level 6. HP: 25/47 MP: 2/12
  3535 | D:4      | Found Naggac's Book Emporium.
  3544 | D:4      | Learned a level 3 spell: Stone Arrow
  3906 | D:4      | Reached skill level 1 in Conjurations
  4044 | D:4      | Noticed Sigmund
  4061 | D:4      | Killed Sigmund
  4062 | D:4      | Reached skill level 5 in Spellcasting
  4062 | D:4      | Reached skill level 1 in Evocations
  4062 | D:4      | Reached XP level 7. HP: 45/52 MP: 14/14
  4440 | D:5      | Entered Level 5 of the Dungeon
  4496 | D:5      | Reached skill level 5 in Earth Magic
  4591 | D:5      | Found a sparkling altar of Nemelex Xobeh.
  4641 | D:5      | Reached XP level 8. HP: 55/58 MP: 9/15
  5018 | D:5      | Found an ancient bone altar of Kikubaaqudgha.
  5455 | D:6      | Found Xekhimni's Jewellery Emporium.
  5462 | D:6      | Noticed Eustachio
  5475 | D:6      | Killed Eustachio
  5635 | D:6      | Found a hide-covered altar of Uskayaw.
  5852 | D:6      | Reached XP level 9. HP: 63/63 MP: 6/17
  5948 | D:6      | Found a radiant altar of Vehumet.
  6049 | D:6      | Noticed a troll
  6258 | D:6      | Reached skill level 6 in Spellcasting
  6365 | D:6      | Reached skill level 7 in Spellcasting
  6627 | D:7      | Found a stormy altar of Qazlal.
  6763 | D:7      | Reached skill level 8 in Spellcasting
  7081 | D:7      | Found a staircase to the Ecumenical Temple.
  7375 | D:7      | Reached skill level 1 in Shields
  7384 | D:7      | Found Fucuug's Lightly-Used Armoury.
  7675 | D:8      | Noticed Prince Ribbit
  7680 | D:8      | Killed Prince Ribbit
  7681 | D:8      | Reached skill level 9 in Spellcasting
  7701 | D:8      | Reached XP level 10. HP: 5/70 MP: 3/23
  7745 | D:8      | Noticed Psyche
  7749 | D:8      | Killed Psyche
  7766 | D:8      | Noticed Gastronok
  7776 | D:8      | Killed Gastronok
  7777 | D:8      | Reached skill level 10 in Spellcasting
  7777 | D:8      | Reached skill level 5 in Evocations
  7799 | D:7      | Learned a level 2 spell: Passwall
  8039 | D:8      | Found a sand-covered staircase.
  8045 | Ossuary  | Entered an ossuary
  8254 | Ossuary  | Reached skill level 11 in Spellcasting
  9024 | D:8      | Reached skill level 12 in Spellcasting
  9089 | D:8      | Found a sacrificial altar of Ru.
  9272 | D:8      | Found a shimmering altar of Xom.
  9399 | D:9      | Found an iron altar of Okawaru.
  9422 | D:9      | Reached XP level 11. HP: 42/78 MP: 12/27
  9512 | D:9      | Noticed a skeletal warrior
  9695 | D:9      | Found a flagged portal.
  9717 | Bailey   | Entered a bailey
  9745 | Bailey   | Reached skill level 5 in Fighting
 10259 | Bailey   | Noticed an orc warlord
 10272 | Bailey   | Killed an orc warlord
 10462 | Bailey   | Identified the +1 chain mail "Yhiops" {Contam +Blink rPois
                  | Stlth+}
 11042 | Bailey   | Acquired 817 gold pieces
 12306 | D:9      | Upgraded the game from 0.30-a0-757-ga6a79fd877 to
                  | 0.30-a0-760-g5a9884bb7c
 12316 | D:9      | Learned a level 4 spell: Leda's Liquefaction
 12325 | D:10     | Entered Level 10 of the Dungeon
 12458 | D:10     | Noticed Nergalle
 12474 | D:10     | Killed Nergalle
 12475 | D:10     | Reached skill level 1 in Hexes
 12658 | D:10     | Found Ducs's Antique Armour Boutique.
 13051 | D:10     | Noticed a two-headed ogre
 13054 | D:10     | a two-headed ogre changed into a guardian serpent
 13639 | D:10     | Found a staircase to the Lair.
 14220 | D:11     | Reached skill level 10 in Earth Magic
 14262 | D:10     | Reached XP level 12. HP: 36/92 MP: 1/28
 14639 | D:11     | Found a staircase to the Orcish Mines.
 14850 | D:11     | Noticed a boulder beetle
 14859 | D:11     | Killed a boulder beetle
 14860 | D:11     | Reached skill level 5 in Maces & Flails
 15223 | Lair:1   | Entered Level 1 of the Lair of Beasts
 16045 | Lair:1   | Identified the +10 spear of Nifaff {freeze, rPois}
 16635 | Lair:2   | Reached skill level 10 in Fighting
 16682 | Lair:2   | Identified the +3 whip "Luoqee" {spect, Contam rPois rC+
                  | Dex+3}
 16697 | Lair:2   | Noticed a boulder beetle
 16729 | Lair:2   | Killed a boulder beetle
 17010 | Lair:2   | Noticed a catoblepas
 17028 | Lair:2   | Killed a catoblepas
 17684 | Lair:2   | Found a staircase to the Shoals.
 18569 | Lair:3   | You fall into a shaft and drop 1 floor!
 18578 | Lair:4   | Gained mutation: You are strongly in touch with the powers
                  | of death. [Mummy growth]
 18578 | Lair:4   | Reached XP level 13. HP: 58/103 MP: 25/29
 18592 | Lair:4   | Found a gate leading to a gauntlet.
 18601 | Gauntlet | Entered a Gauntlet
 18601 | Gauntlet | Found a transporter.
 18601 | Gauntlet | Found a transporter.
 18601 | Gauntlet | Found a transporter.
 18605 | Gauntlet | Found a transporter.
 18605 | Gauntlet | Found a transporter.
 18606 | Gauntlet | Found a transporter.
 18618 | Gauntlet | Found a transporter.
 18622 | Gauntlet | Found a transporter.
 18634 | Gauntlet | Found a transporter.
 18734 | Gauntlet | Found a transporter.
 18736 | Gauntlet | Found a transporter.
 18753 | Gauntlet | Found a transporter.
 18971 | Gauntlet | Slain by a fire bat

Illustrated notes

Levels and vault maps discovered:
D:1:      dpeg_arrival_leaves_temple_mockup, layout_basic,
          nicolae_nh_oracle_at_delphi
D:2:      layout_loops_ring, minmay_fountain_box
D:3:      layout_rooms, nzn_wu_jian_council_hall,
          mainiacjoe_overflow_small_starburst, uniq_jessica
D:4:      minmay_razor_zed, layout_basic, kennysheep_mini_moat,
          mainiacjoe_overflow_paths, serial_shops, shop,
          hangedman_decor_growths, uniq_blork_the_orc, uniq_sigmund
D:5:      layout_loops_ring, nemelex_spade_bored_becter, tgw_kikubaaqudgha
D:6:      layout_basic, mainiacjoe_overflow_surrounded_room,
          mainiacjoe_overflow_brackets, serial_shops, nicolae_stop_n_shop_2,
          uniq_eustachio
D:7:      layout_basic, marbit_many_paths, minmay_temple_entry_nine_rooms,
          minmay_shop_damaged, kennysheep_another_room
D:8:      layout_basic, nicolae_ru_path_of_blood, mainiacjoe_overflow_alcove_2,
          enter_ossuary_1, uniq_psyche, uniq_prince_ribbit1, uniq_gastronok
D:9:      layout_layer_cave, okawaru_ov_weapons_minmay, enter_bailey_5,
          minmay_checkerbox
D:10:     layout_grid_maze, erik_lair_island, nicolae_take_the_stairs,
          statue_in_the_mist_lemuel, uniq_nergalle
D:11:     layout_rooms, orc_0_dummy, serial_curves, eino_curves_04,
          eino_curves_04
Lair:1:   layout_loops_ring, grunt_megastairs_2
Lair:2:   layout_cave_pods, minmay_shoals_entry_lonely_mermaid
Lair:3:   layout_loops_ring, hellmonk_spider_entry_life_and_decay,
          gammafunk_ghost_hydra_chop, minivault_23, infiniplex_staircase_pool_2
Lair:4:   layout_small_grid, minmay_slime_entry_pillars,
          portal_ice_cave_entry_ice_simulacra, gauntlet_entry_generic,
          serial_bayou_shore_a
Gauntlet: gammafunk_gauntlet_hard_choice [nicolae_gauntlet_arena_t_cross,
          nicolae_gauntlet_arena_grate_2,
          gammafunk_gauntlet_arena_split_diamond, nicolae_gauntlet_arena_blocks,
          nicolae_gauntlet_swirl, gammafunk_gauntlet_arena_teeth,
          dreamdust_gauntlet_exit_labyrinth]

Skill      XL: |  1  2  3  4  5  6  7  8  9 10 11 12 |
---------------+-------------------------------------+-----
Spellcasting   | 2 3 4 5 9 12 | 12.0
Earth Magic    | 2 3 4 5 8 10 | 10.0
Conjurations   | 2 |  2.0
Evocations     | 1 3 4 5 |  5.0
Shields        | 2 4 |  4.0
Fighting       | 4 8 10 | 10.0
Hexes          | 3 |  3.0
Maces & Flails | 3 8 |  8.9
Fire Magic     | |  2.4

Action                     |  1- 3 |  4- 6 |  7- 9 | 10-12 | 13-15 || total
---------------------------+-------+-------+-------+-------+-------++-------
  Melee: Mace              |    28 |    10 |    41 |   146 |       ||   225
         Punch             |       |     1 |       |       |       ||     1
         Spear             |       |       |       |    36 |    20 ||    56
  Throw: Dart              |       |       |       |     7 |     3 ||    10
   Cast: Sandblast         |    53 |    62 |   191 |   419 |     5 ||   730
         Scorch            |       |     4 |     5 |    17 |       ||    26
         Stone Arrow       |       |       |    10 |   141 |    10 ||   161
         Passwall          |       |       |       |     1 |       ||     1
         Leda's Liquefacti |       |       |       |     6 |       ||     6
 Invoke: Fiery Armour      |       |     1 |     3 |     3 |       ||     7
  Evoke: Wand              |       |     2 |     5 |    19 |     3 ||    29
         Tin of tremorston |       |       |       |     2 |       ||     2
    Use: Scroll            |     1 |       |     6 |    10 |     3 ||    20
   Stab: Sleeping          |       |       |     1 |       |       ||     1
         Paralysed         |       |       |       |     4 |       ||     4
 Armour: Robe              |    15 |     1 |    14 |     1 |       ||    31
         Leather armour    |       |       |       |   213 |    39 ||   252
  Dodge: Dodged            |    45 |    57 |   170 |   572 |    65 ||   909
  Block: Buckler           |       |       |     1 |   254 |    35 ||   290
         Reflection        |       |       |       |     4 |       ||     4

Table legend: (Time is in decaauts)
 A = Elapsed time spent in this place.
 B = Non-inter-level travel time spent in this place.
 C = Inter-level travel time spent in this place.
 D = Time resting spent in this place.
 E = Time spent auto-exploring this place.
 F = Levels seen in this place.
 G = Mean time per level.
                   A        B        C        D        E       F      G
               +--------+--------+--------+--------+--------+-----+--------+
         Total |  19427 |  18810 |    617 |   1925 |  12986 |  18 | 1079.3 |
       Dungeon |  13762 |  13222 |    540 |   1101 |   9711 |  11 | 1251.1 |
          Lair |   3463 |   3386 |     77 |    415 |   2509 |   4 |  865.8 |
       Ossuary |    455 |    455 |      0 |      4 |    300 |   1 |  455.0 |
        Bailey |   1372 |   1372 |      0 |    301 |    466 |   1 | 1372.0 |
      Gauntlet |    373 |    373 |      0 |    104 |      0 |   1 |  373.0 |
               +--------+--------+--------+--------+--------+-----+--------+

Top non-repeatable levels by time:
    D:10: 1995 daAuts
  Lair:2: 1536 daAuts
     D:9: 1515 daAuts
     D:8: 1483 daAuts
     D:4: 1445 daAuts
  Bailey: 1372 daAuts
     D:7: 1280 daAuts
  Lair:1: 1254 daAuts
     D:1: 1147 daAuts
     D:2: 1048 daAuts
     D:6: 1047 daAuts
     D:5: 983 daAuts
    D:11: 932 daAuts
     D:3: 883 daAuts
  Lair:3: 636 daAuts
